Description

PiGs B2GM In ZvZ follow the build until the third hatch (only exception being to only pull off one worker on Gas) // Insta Bane nest @28 workers stop droning and build purely lings > overwhelm your opponent (see stream)

VOD

https://youtu.be/VuSIf1amNVM

Build Order

Get SALT Encoding   

  17  0:43  Spawning Pool  
  17  1:08  Hatchery  
  17  1:14  Extractor  
  21  1:40  Overlord  
  21  1:53  Zergling  
  25  2:10  Queen  #1 Queen > Inject > go to nat
  28  2:18  Action  @100 Gas start MB abd pull 2 Workers off gas
  28  2:30  Action  send drone to third
  32  2:45  Hatchery  -> #3 Queen -> OV
  45  3:30  Action  Workers back in Gas
  51  4:00  Roach Warren  
  47  4:10  Lair  +3 Gas
  80  5:20  Hydralisk Den  +2 Evo
Spawning Tool Build Advisor. Get it on Overwolf

Go to:

Details

  • Created by: SparkLing
  • Published on: Oct 05, 2021
  • Modified on: Oct 05, 2021
  • Patch: 4.11.0
  • Difficulty: Easy
Show
View Real Time Build Order
Export as new Build Order

Comments (0)

There are no comments. Be the first!

Create an account to comment!